 Dungeon Crawl Stone Soup version 0.17-a0-1763-g847a857 (webtiles) character file.

140 Leibowitz the Cudgeler (level 5, -1/85 HPs)
             Began as an Ogre Berserker on Sept 5, 2015.
             Was a Priest of Trog.
             Slain by an orc warrior
             ... wielding a +0 trident
              (2 damage)
             ... on level 4 of the Dungeon.
             The game lasted 00:06:35 (2441 turns).

Leibowitz the Cudgeler (Ogre Berserker)             Turns: 2441, Time: 00:06:35

Health: -1/85      AC: 22    Str: 23    XL:     5   Next: 22%
Magic:  5/5        EV:  1    Int:  6    God:    Trog [***...]
Gold:   167        SH:  0    Dex: 12    Spells: 0 memorised, 4 levels left

rFire  . . .     SeeInvis .     m - +0 whip (freeze)
rCold  . . .     Clarity  .     (armour currently unavailable)
rNeg   + + +     SustAt   .     (no shield)
rPois  +         Gourm    .     (helmet currently unavailable)
rElec  .         Spirit   .     (cloak currently unavailable)
rCorr  .         Warding  .     (gloves unavailable)
rMut   .         NoTele   +     (boots unavailable)
MR     .....                    (no amulet)
Stlth  ++........               (no ring)
                                t - +3 ring of dexterity (curse)

@: tree-form, not resistant to hostile enchantments, unstealthy
A: unfitting armour, (tough skin 0)
a: Burn Spellbooks, Berserk, Trog's Hand, Renounce Religion


You were on level 4 of the Dungeon.
You worshipped Trog.
Trog was most pleased with you.
You were not hungry.
You were a tree.
You visited 1 branch of the dungeon, and saw 4 of its levels.

You collected 167 gold pieces.

Inventory:

Hand weapons
 a - a +0 mace
 m - a +0 whip of freezing (weapon)
Missiles
 n - 7 javelins (quivered)
Armour
 b - a +0 animal skin (melded)
Jewellery
 t - a cursed +3 ring of dexterity (left branch)
Scrolls
 d - 3 scrolls of identify {unknown}
 l - 3 scrolls of amnesia {unknown}
 o - 2 scrolls of remove curse {unknown}
 s - a scroll of enchant weapon {unknown}
 u - 3 scrolls of enchant armour {unknown}
Potions
 f - 2 potions of heal wounds {unknown}
 g - 2 potions of magic {unknown}
 h - 4 potions of curing {unknown}
 r - a potion of berserk rage {unknown}
Books
 p - a book of Ice

   Spells                             Type                      Level
   a - Ice Form                       Ice/Transmutation            4
   b - Metabolic Englaciation         Hexes/Ice                    5
   c - Ozocubu's Refrigeration        Ice                          6
   d - Bolt of Cold                   Conjuration/Ice              6
   e - Freezing Cloud                 Conjuration/Ice/Air          6
   f - Simulacrum                     Ice/Necromancy               6
   Trog disapproves of the use of such an item.
Comestibles
 c - 3 bread rations
 i - a slice of pizza
 j - 3 chunks of flesh
 k - a royal jelly
 q - 2 meat rations


   Skills:
 + Level 5.0 Fighting
 + Level 5.3 Maces & Flails
 + Level 0.2 Throwing
 + Level 3.9 Dodging
 + Level 0.8 Stealth


You had 4 spell levels left.
You didn't know any spells.

Dungeon Overview and Level Annotations

Branches:
Dungeon (4/15)             Temple (0/1) D:4

Altars:
Fedhas


Innate Abilities, Weirdness & Mutations

You are too large for most types of armour.
((You have tough skin (AC +1).))


Message History

The orc warrior hits you but does no damage.
The orc hits you but does no damage.
You hit the orc priest but do no damage.
The orc priest is moderately wounded.
The orc priest hits you but does no damage.
The orc warrior hits you with a trident.
* * * LOW HITPOINT WARNING * * *
You hit the orc priest. You freeze the orc priest.
The orc priest is severely wounded.
The orc hits you but does no damage. The orc priest barely misses you.
You hit the orc priest but do no damage.
The orc priest is severely wounded.
The orc warrior hits you with a trident.
* * * LOW HITPOINT WARNING * * *
The orc hits you but does no damage.
You hit the orc priest. You freeze the orc priest.
The orc priest is almost dead.
The orc priest hits you but does no damage.
The orc warrior hits you with a trident.
You die...

############# ###
#...#...#...# ..#
#.⌠.o.⌠...>.# ..#
##########...#.oo#...# ..#
#........######o######
..###).......#..♣#...#...#
....#..[.......⌠ooo⌠...⌠.#
###.#........#...#...#...#
.<......>....##.###.######
#.#..........#...#...#...#
..#..........#.⌠.#.⌠...⌠.#
###).........#...#...#...#
#..........#############
#.............


You could see an orc warrior, an orc priest and an orc.

Vanquished Creatures
  A hound (D:3)
  A gnoll (D:1)
  A worker ant zombie (D:4)
  An adder (D:4)
  2 worms
  6 orcs (D:4)
  7 bats
  5 giant cockroaches
  9 goblins
  8 hobgoblins
  5 jackals
  9 kobolds
  7 giant newts
  A jackal skeleton (D:4)
  5 rats
68 creatures vanquished.

Notes
Turn   | Place    | Note
--------------------------------------------------------------
     0 | D:1      | Leibowitz the Ogre Berserker began the quest for the Orb.
     0 | D:1      | Reached XP level 1. HP: 24/24 MP: 1/1
   114 | D:1      | Reached XP level 2. HP: 21/33 MP: 2/2
   320 | D:1      | Reached XP level 3. HP: 20/40 MP: 3/3
   742 | D:1      | Acquired Trog's second power
   932 | D:2      | Found a blossoming altar of Fedhas.
  1358 | D:2      | Reached XP level 4. HP: 40/49 MP: 4/4
  1481 | D:2      | Reached skill level 5 in Maces & Flails
  2320 | D:4      | Reached skill level 5 in Fighting
  2320 | D:4      | Reached XP level 5. HP: 55/57 MP: 5/5
  2406 | D:4      | Found a staircase to the Ecumenical Temple.
  2407 | D:4      | Noticed an orc warrior
  2440 | D:4      | HP: 1/85 [orc warrior/trident (5)]
  2441 | D:4      | Slain by an orc warrior

Vault maps used:
D:1:      co_arrival_random_square_maze
D:2:      lemuel_crystal_altar
D:4:      minmay_temple_entry_nine_rooms, first_bread, serial_shops, shop

Action                   |  1- 3 |  4- 6 || total
-------------------------+-------+-------++-------
Melee: Mace              |   106 |       ||   106
       Whip              |       |   103 ||   103
Throw: Javelin           |       |     7 ||     7
  Use: Potion            |       |     1 ||     1
 Stab: Sleeping          |     1 |     1 ||     2
  Eat: Chunk             |     1 |     4 ||     5
